 Dungeon Crawl Stone Soup version 0.28.0-62-gf88900778d (webtiles) character file.

Game seed: 4399314193254512990

2505 cbfl8 the Cleaver (level 9, -4/82 (86) HPs)
             Began as a Minotaur Berserker on June 28, 2023.
             Was a Priest of Trog.
             Slain by a killer bee (5 damage)
             ... on level 7 of the Dungeon.
             The game lasted 00:05:41 (7704 turns).

cbfl8 the Cleaver (Minotaur Berserker)              Turns: 7704, Time: 00:05:42

HP:   -4/82 (86)    AC: 16    Str: 23    XL:     9   Next: 28%
MP:   8/8           EV:  6    Int:  4    God:    Trog [***...]
Gold: 251           SH:  8    Dex: 13    Spells: 8/8 levels left

rFire   + + .      SeeInvis .   a - +0 hand axe
rCold   . . .      Faith    .   h - +0 kite shield
rNeg    . . .      Spirit   .   u - +0 plate armour
rPois   .          Reflect  .   (helmet unavailable)
rElec   .          Harm     .   r - +0 cloak
rCorr   .          Rampage  .   f - +1 pair of gloves
Will    +....                   (no boots)
Stlth   ..........              (no amulet)
HPRegen 1.23/turn               i - ring of protection from fire
MPRegen 0.11/turn               q - ring of willpower

@: lethally poisoned (-4 -> -5), weak-willed, strong-willed, on berserk
cooldown, flying, regenerating, lightly drained, invisible
A: horns 3, retaliatory headbutt, deterioration 1, fire resistance 1, robust 1
a: Renounce Religion, Berserk, Trog's Hand


You were on level 7 of the Dungeon.
You worshipped Trog.
Trog was most pleased with you.
You visited 1 branch of the dungeon, and saw 7 of its levels.

You collected 251 gold pieces.

Inventory:

Hand Weapons
 a - a +0 hand axe (weapon)
Armour
 f - a +1 pair of gloves (worn)
 h - a +0 kite shield (worn)
 r - a +0 cloak (worn)
 u - a +0 plate armour (worn)
Jewellery
 i - a ring of protection from fire (left hand)
 q - a ring of willpower (right hand)
Wands
 s - a wand of iceblast (5)
Scrolls
 b - 2 scrolls of magic mapping
 d - 5 scrolls of teleportation
 g - a scroll of enchant armour
 k - a scroll of enchant weapon {unknown}
 m - a scroll of holy word {unknown}
 p - a scroll of silence {unknown}
Potions
 e - a potion of brilliance


   Skills:
 + Level 7.0 Fighting
 + Level 9.5 Axes
 + Level 5.6 Armour
 + Level 4.3 Dodging
 + Level 2.5 Stealth
 + Level 3.2 Shields
 * Level 4.8 Evocations


You had 8 spell levels left.
You didn't know any spells.
Your spell library was empty.

Dungeon Overview and Level Annotations

Branches:
Dungeon (7/15)             Temple (0/1) D:5

Altars:
Kikubaaqudgha
Makhleb
Nemelex Xobeh
Okawaru
Vehumet
Wu Jian

Annotations:
D:7 Maggie


Innate Abilities, Weirdness & Mutations

You have a pair of large horns on your head.
You reflexively headbutt those who attack you in melee.
Your body sometimes deteriorates upon taking damage.
Your flesh is heat resistant. (rF+)
You are robust. (+10% HP)


Message History

It was a potion of flight.
You feel very buoyant.
You fly up into the air.
You feel sick.
The killer bee stings you but does no damage.
Your bullfrog hits the killer bee!
The killer bee dies!
Trog accepts your kill.
The killer bee stings you but does no damage.
Your hound barely misses the killer bee.
Maggie hits you but does no damage.
You feel drained. The white imp hits you.
* * * LOW HITPOINT WARNING * * *
The white imp freezes you.
* * * LOW HITPOINT WARNING * * *
The killer bee stings you but does no damage.
Your bullfrog hits Maggie.
Your hound completely misses the killer bee.
Your Fighting skill increases to level 7!
It was a potion of invisibility.
You fade into invisibility!
* * * LOW HITPOINT WARNING * * *
You feel sick.
The killer bee stings you but does no damage.
Your bullfrog hits Maggie but does no damage.
Maggie hits you but does no damage.
You feel drained.
Your hound bites the killer bee but does no damage.
The killer bee barely misses you. The white imp barely misses you.
You furiously retaliate!
You headbutt the white imp.
As you read the scroll labelled YKEILOAKE, it crumbles to dust.
Magic quickly surges around you.
It was a scroll of vulnerability.
* * * LOW HITPOINT WARNING * * *
You feel sick.
Your bullfrog hits Maggie but does no damage.
The killer bee stings you but does no damage.
Your hound barely misses the killer bee.
Maggie misses your bullfrog.
An orc wizard comes into view. It is wielding a +0 dagger.
The white imp gestures at you.
The puff of frost hits you but does no damage.
The killer bee stings you.
You die...

##..#.........##..<..##
####o.#.#....####.....#
.....#####....# #.....#
....(..#####.###...####
........###...##..#
#.........##......#
#......h......>..#
##....).y...#....##
......F5@.......##
.....!.@.......##
....#.........## #..
##.......## . #......##
.......# .........
......##..#


You could see Maggie (weak-willed, ally target), a killer bee (weak-willed, ally
target), an orc wizard (wandering), a white imp (weak-willed), a friendly
bullfrog (summoned, weak-willed) and a friendly hound (summoned, weak-willed).

Vanquished Creatures
  Harold (D:7)
  A manticore (D:7)
  Edmund (D:4)
  Duvessa (D:4)
  A centaur (D:4)
  2 necrophages
  A bullfrog (D:4)
  A wyvern zombie (D:6)
  2 scorpions (D:6)
  A water moccasin skeleton (D:5)
  A wyvern skeleton (D:4)
  Dowan (D:4)
  A howler monkey (D:7)
  2 killer bees (D:7)
  A jelly (D:5)
  A bullfrog zombie (D:6)
  An orc priest (D:6)
  2 hounds
  An iguana (D:6)
  An orc wizard (D:6)
  A hound skeleton (D:4)
  4 gnolls (D:6)
  8 adders
  2 white imps (D:5)
  An ufetubus (D:5)
  An adder skeleton (D:5)
  2 worms (D:2)
  2 dart slugs
  7 orcs
  13 endoplasms
  4 giant cockroaches
  9 goblins
  3 hobgoblins
  6 jackals
  4 kobolds
  9 quokkas
  3 ball pythons
  6 bats
  7 frilled lizards
  5 rats
121 creatures vanquished.

Vanquished Creatures (collateral kills)
  2 killer bees (D:7)
2 creatures vanquished.

Vanquished Creatures (others)
  4 plants
4 creatures vanquished.

Grand Total: 127 creatures vanquished

Notes
Turn   | Place    | Note
-------+----------+-------------------------------------------
     0 | D:1      | cbfl8 the Minotaur Berserker began the quest for the Orb.
     0 | D:1      | Reached XP level 1. HP: 19/19 MP: 0/0
   355 | D:1      | HP: 1/20 [frozen (2)]
   357 | D:1      | Reached skill level 4 in Axes
   358 | D:1      | Reached XP level 2. HP: 1/27 MP: 1/1
   365 | D:1      | HP: 1/27 [bat (1)]
  1231 | D:1      | Reached skill level 1 in Evocations
  1547 | D:2      | Reached XP level 3. HP: 30/33 MP: 2/2
  1666 | D:2      | Identified the +2 robe "Bidim" {Will+ Slay+2}
  1860 | D:2      | Reached ** piety under Trog
  2612 | D:3      | Reached XP level 4. HP: 40/40 MP: 3/3
  2990 | D:3      | Gained mutation: You passively dampen the noise of your
                  | surroundings. [potion of mutation]
  3010 | D:3      | Reached skill level 1 in Stealth
  3240 | D:4      | Noticed Edmund
  3250 | D:4      | Killed Edmund
  3251 | D:4      | Reached skill level 5 in Axes
  3251 | D:4      | Reached XP level 5. HP: 10/47 MP: 4/4
  3453 | D:4      | Reached XP level 6. HP: 31/55 MP: 5/5
  3750 | D:4      | Reached skill level 5 in Fighting
  3839 | D:4      | Reached *** piety under Trog
  3840 | D:4      | Reached skill level 6 in Axes
  4454 | D:4      | Reached XP level 7. HP: 54/61 MP: 6/6
  4673 | D:4      | Noticed Duvessa
  4674 | D:4      | Noticed Dowan
  4684 | D:4      | Killed Duvessa
  4687 | D:4      | Killed Dowan
  4866 | D:4      | Reached skill level 7 in Axes
  4998 | D:5      | Entered Level 5 of the Dungeon
  5005 | D:5      | Reached skill level 1 in Shields
  5230 | D:5      | Found a radiant altar of Vehumet.
  5327 | D:5      | Found a staircase to the Ecumenical Temple.
  5849 | D:6      | Lost mutation: You passively dampen the noise of your
                  | surroundings. [potion of mutation]
  5849 | D:6      | Gained mutation: You have a pair of large horns on your
                  | head. [potion of mutation]
  5849 | D:6      | Gained mutation: Your body sometimes deteriorates upon
                  | taking damage. [potion of mutation]
  5849 | D:6      | Gained mutation: Your flesh is heat resistant. (rF+)
                  | [potion of mutation]
  5849 | D:6      | Gained mutation: You are robust. (+10% HP) [potion of
                  | mutation]
  5997 | D:6      | Reached XP level 8. HP: 35/77 MP: 7/7
  6988 | D:6      | Reached skill level 8 in Axes
  7282 | D:6      | Found a burning altar of Makhleb.
  7285 | D:6      | Found an ornate altar of the Wu Jian Council.
  7292 | D:6      | Found an iron altar of Okawaru.
  7309 | D:6      | Found a sparkling altar of Nemelex Xobeh.
  7312 | D:6      | Found an ancient bone altar of Kikubaaqudgha.
  7453 | D:7      | Noticed a manticore
  7464 | D:7      | Killed a manticore
  7666 | D:7      | Noticed Maggie
  7669 | D:7      | Noticed Harold
  7682 | D:7      | Killed Harold
  7683 | D:7      | Reached skill level 9 in Axes
  7683 | D:7      | Reached skill level 5 in Armour
  7683 | D:7      | Reached XP level 9. HP: 85/85 MP: 8/8
  7702 | D:7      | HP: 1/81 [white imp (5)]
  7704 | D:7      | Slain by a killer bee

Illustrated notes

Levels and vault maps discovered:
D:1:      dpeg_arrival_fog, layout_basic, kennysheep_decorative_pillar,
          roderic_nine_men_s_morris, serial_bayou_lagoon_b
D:2:      layout_basic
D:3:      layout_basic, serial_bayou_pond_b, minmay_pentomino_pile
D:4:      layout_loops_ring, uniq_duvessa, uniq_edmund
D:5:      layout_rooms, mainiacjoe_overflow_small_starburst,
          minmay_temple_entry_wispy
D:6:      layout_basic, minmay_overflow_temple_star_hex
D:7:      layout_cave_pools, lemuel_doored_altar, uniq_maggie, uniq_harold

Skill      XL: |  1  2  3  4  5  6  7  8  9 |
---------------+----------------------------+-----
Axes           | 4 5 6 7 9 |  9.5
Evocations     | 1 2 3 4 |  4.8
Fighting       | 4 5 6 7 |  7.0
Dodging        | 3 4 |  4.3
Stealth        | 1 2 |  2.5
Shields        | 1 3 |  3.2
Armour         | 5 |  5.6

Action                   |  1- 3 |  4- 6 |  7- 9 || total
-------------------------+-------+-------+-------++-------
Melee: Hand axe          |    89 |    78 |   162 ||   329
       Headbutt          |     7 |    17 |    41 ||    65
Invok: Berserk           |       |     2 |     3 ||     5
       Trog's Hand       |       |       |     1 ||     1
  Use: Scroll            |     5 |     2 |     3 ||    10
       Potion            |     1 |     1 |     5 ||     7
 Stab: Sleeping          |     2 |     3 |       ||     5
Armor: Animal skin       |    12 |       |       ||    12
       Robe              |    13 |    20 |     3 ||    36
       Chain mail        |       |       |    55 ||    55
       Plate armour      |       |       |    63 ||    63
Dodge: Dodged            |    56 |    25 |    60 ||   141
Block: Kite shield       |       |    12 |    76 ||    88
